 Dungeon Crawl Stone Soup version 0.26.1-11-gd32895ea62 (webtiles) character file.

Game seed: 7768775799127988835

140 Zeld the Sneak (level 5, 25/25 HPs)
             Began as a Spriggan Brigand on June 4, 2021.
             Quit the game on level 2 of the Dungeon.
             The game lasted 00:02:41 (3222 turns).

Zeld the Sneak (Spriggan Brigand)                   Turns: 3222, Time: 00:02:42

Health: 25/25      AC:  3    Str:  7    XL:     5   Next: 2%
Magic:  6/6        EV: 17    Int: 13    God:
Gold:   145        SH:  0    Dex: 18    Spells: 4/4 levels left

rFire    . . .     SeeInvis +   a - +2 dagger
rCold    . . .     Faith    .   (shield restricted)
rNeg     . . .     Spirit   .   b - +0 robe
rPois    .         Reflect  .   (helmet restricted)
rElec    .         Harm     .   c - +0 cloak
rCorr    .         Rampage  .   (gloves unavailable)
Will     .....                  (boots unavailable)
Stlth    +++.......             (no amulet)
HPRegen  0.08/turn              (no ring)
MPRegen  0.10/turn              (no ring)

@: very quick
A: very small, unfitting armour, see invisible, speed 3
a: no special abilities


You were on level 2 of the Dungeon.
You visited 1 branch of the dungeon, and saw 2 of its levels.

You collected 145 gold pieces.

Inventory:

Hand Weapons
 a - a +2 dagger (weapon)
Missiles
 d - 8 poisoned darts (quivered)
 e - 4 curare-tipped darts
 n - 6 atropa-tipped darts
Armour
 b - a +0 robe (worn)
 c - a +0 cloak (worn)
Scrolls
 g - 3 scrolls of teleportation {unknown}
 h - 3 scrolls of identify {unknown}
 k - 2 scrolls of remove curse {unknown}
 m - a scroll of enchant weapon {unknown}
Potions
 f - a potion of magic {unknown}
 i - 3 potions of lignification {unknown}
 j - 2 potions of flight {unknown}
 l - 2 potions of haste {unknown}


   Skills:
 - Level 1.5 Fighting
 - Level 2.1 Short Blades
 * Level 5.2 Throwing
 - Level 1.5 Dodging
 - Level 5.8 Stealth


You had 4 spell levels left.
You didn't know any spells.
Your spell library was empty.

Dungeon Overview and Level Annotations

Branches:
Dungeon (2/15)

Altars:


Innate Abilities, Weirdness & Mutations

You are very small and have problems with some larger weapons.
You are too small for most types of armour.
You have supernaturally acute eyesight. (SInv)
You cover ground extremely quickly.


Message History

A rat is nearby!
A rat is nearby!
A rat is nearby!
The rat misses you.
A rat is nearby!
You hit the rat.
The rat is severely wounded.
The rat completely misses you.
A rat is nearby!
You hit the rat.
You kill the rat!
You now have 135 gold pieces (gained 1).
You now have 145 gold pieces (gained 10).
An adder comes into view.
Found a stone staircase leading down.
An adder is nearby!
An adder is nearby!
Found a chain mail.
An adder is nearby!
Are you sure you want to abandon this character and quit the game? (Confirm with "yes".)

###[##.......#.#..
#.#..........#..
####..........##...
.............##.##
#######...#.....>..##.##
#.........##............
#.........#...........##
#....S....#.....##.##.[.
#......@.....##.##......
#[..>........##..#..#..#
#####....#...###....>.)#
#.#....#....##......
#.#..######.....#...
#....# #.....#### ##...#
#.##### # #...# #..†# #
#. #....# #


You could see an adder (asleep).

Vanquished Creatures
  Jessica (D:2)
  A gnoll (D:1)
  5 adders (D:2)
  6 dart slugs
  A leopard gecko (D:2)
  5 bats
  4 giant cockroaches (D:1)
  6 goblins
  6 hobgoblins
  2 jackals (D:1)
  A ball python (D:1)
  A frilled lizard (D:1)
  3 kobolds
  6 rats
48 creatures vanquished.

Notes
Turn   | Place    | Note
-------+----------+-------------------------------------------
     0 | D:1      | Zeld the Spriggan Brigand began the quest for the Orb.
     0 | D:1      | Reached XP level 1. HP: 10/10 MP: 2/2
   650 | D:1      | Reached XP level 2. HP: 14/14 MP: 3/3
   895 | D:1      | Reached XP level 3. HP: 18/18 MP: 4/4
  1604 | D:2      | Noticed Jessica
  1609 | D:2      | Killed Jessica
  1610 | D:2      | Reached XP level 4. HP: 22/22 MP: 5/5
  2328 | D:2      | Reached skill level 5 in Throwing
  3106 | D:2      | Reached XP level 5. HP: 25/25 MP: 6/6
  3222 | D:2      | Quit the game

Illustrated notes

Levels and vault maps discovered:
D:1:      minmay_arrival_up_and_down, layout_loops_corners, minmay_3d_cube
D:2:      layout_rooms, uniq_jessica

Skill      XL: |  1  2  3  4 |
---------------+-------------+-----
Throwing       | 3 4 5 |  5.2
Fighting       | |  1.5
Short Blades   | |  2.1
Dodging        | |  1.5
Stealth        | |  5.8

Action                   |  1- 3 |  4- 6 || total
-------------------------+-------+-------++-------
Melee: Dagger            |   104 |   100 ||   204
  Use: Potion            |       |     2 ||     2
 Stab: Sleeping          |    14 |     1 ||    15
Armor: Robe              |    12 |    12 ||    24
Dodge: Dodged            |    74 |    67 ||   141
